 Dungeon Crawl Stone Soup version 0.31-b1-18-g61460d1e46 (webtiles) character file.

Game seed: 8876720560973474735

54 PaiMei the Grave Robber (level 3, -2/26 HPs)
             Began as a Demonspawn Necromancer on Jan 16, 2024.
             Slain by a cerulean imp
             ... wielding a +0 spear
             ... summoned by Natasha
              (3 damage)
             ... on level 2 of the Dungeon.
             The game lasted 00:01:57 (1883 turns).

PaiMei the Grave Robber (Demonspawn Necromancer)    Turns: 1883, Time: 00:01:58

Health: -2/26      AC:  2    Str:  8    XL:     3   Next: 66%
Magic:  0/6        EV: 12    Int: 17    God:
Gold:   47         SH:  0    Dex: 13    Spells: 6/7 levels left

rFire   . . .        e - +0 rapier
rCold   . . .        (no shield)
rNeg    . . .        a - +0 robe
rPois   .            (no helmet)
rElec   .            (no cloak)
rCorr   .            (no gloves)
SInv    .            (no boots)
Will    .....        (no amulet)
Stlth   ++           (no ring)
HPRegen 0.24/turn    (no ring)
MPRegen 0.10/turn

%: no passive effects
@: no status effects
A: ignite blood 1
a: no special abilities


You were on level 2 of the Dungeon.
You visited 1 branch of the dungeon, and saw 2 of its levels.

You collected 47 gold pieces.

Inventory:

Hand Weapons
 c - a +0 short sword
 e - a +0 rapier (weapon)
Armour
 a - a +0 robe (worn)
Scrolls
 d - a scroll of fear {unknown}
 f - a scroll of amnesia {unknown}
Potions
 b - a potion of magic


   Skills:
 + Level 1.0 Fighting
 + Level 2.3 Dodging
 - Level 2.0 Stealth
 + Level 2.5 Spellcasting
 + Level 4.8 Necromancy


You had 6 spell levels left.
You knew the following spells:

 Your Spells              Type           Power      Damage    Failure   Level
a - Necrotise             Necr           72%        1d7       2%          1

Your spell library contained the following spells:

 Spells                   Type           Power      Damage    Failure   Level
 Vampiric Draining        Necr           18%        2d7       8%          3
 Animate Dead             Necr           18%        N/A       26%         4
 Ozocubu's Armour         Ice            2%         N/A       50%         3
 Curse of Agony           Necr           18%        N/A       56%         5
 Metabolic Englaciation   Hex/Ice        1%         N/A       99%         5
 Sculpt Simulacrum        Ice/Alch       1%         N/A       100%        6


Dungeon Overview and Level Annotations

Branches:
Dungeon (2/15)

Altars:

Annotations:
D:2 Natasha


Innate Abilities, Weirdness & Mutations

Your demonic aura sometimes causes spilled blood to erupt in flames.


Message History

Aiming: Necrotise (safe; 2% risk of failure)
Press: ? - help, Shift-Dir - straight line, f/p - Natasha
Aim: Natasha (moderately wounded, chance to affect: 76%) Natasha barely resists.
The cerulean imp closely misses you.
Natasha howls an incantation.
Natasha glows brightly for a moment.
Natasha barely misses you.
Casting: Necrotise (safe; 2% risk of failure)
Confirm with . or Enter, or press ? or * to list all spells.
Aiming: Necrotise (safe; 2% risk of failure)
Press: ? - help, Shift-Dir - straight line, f/p - Natasha
Aim: Natasha (moderately wounded, chance to affect: 76%) Natasha writhes in agony.
The cerulean imp barely misses you.
Natasha stares at you and mumbles some strange words.
The magic dart hits you!
Casting: Necrotise (safe; 2% risk of failure)
Confirm with . or Enter, or press ? or * to list all spells.
You don't have enough magic to cast this spell.
Casting: Necrotise (safe; 2% risk of failure)
Confirm with . or Enter, or press ? or * to list all spells.
You don't have enough magic to cast this spell.
You closely miss Natasha.
Natasha is severely wounded.
The cerulean imp hits you from afar with a +0 spear.
Natasha casts a spell at you. The magic dart hits you.
* * * LOW HITPOINT WARNING * * *
The cerulean imp hits you but does no damage.
Casting: Necrotise (safe; 2% risk of failure)
Confirm with . or Enter, or press ? or * to list all spells.
You don't have enough magic to cast this spell.
Casting: Necrotise (safe; 2% risk of failure)
Confirm with . or Enter, or press ? or * to list all spells.
You don't have enough magic to cast this spell.
You hit Natasha but do no damage.
Natasha is severely wounded.
Natasha claws you.
* * * LOW HITPOINT WARNING * * *
The cerulean imp hits you from afar with a +0 spear.
You die...

#.#...#..#.#
########.#.###..#.#
#......#.#.# #..#.# .
#........#.######.# ..
######.#..........# ?..
#.############ .... # #†#
.....
.#.##.#.############......
.........@h5..............
#######.#####.....#.......
...# #.....#....... #####
#.....#.......
#.....#..l....
#....>+.......
#.....######## #.....#
#######


You could see Natasha and a cerulean imp (summoned).

Vanquished Creatures
  2 adders (D:2)
  A dart slug (D:2)
  3 ball pythons
  3 endoplasms (D:1)
  A giant cockroach (D:1)
  A goblin (D:1)
  2 hobgoblins
  3 jackals (D:1)
  5 kobolds
  2 quokkas
  3 bats
  2 frilled lizards (D:1)
  3 rats (D:1)
31 creatures vanquished.

Vanquished Creatures (collateral kills)
  A rat (D:1)
1 creature vanquished.

Grand Total: 32 creatures vanquished

Notes
Turn   | Place    | Note
-------+----------+-------------------------------------------
     0 | D:1      | PaiMei the Demonspawn Necromancer began the quest for the
                  | Orb.
     0 | D:1      | Reached XP level 1. HP: 13/13 MP: 3/3
   219 | D:1      | Gained mutation: Your demonic aura sometimes causes spilled
                  | blood to erupt in flames. [demonic ancestry]
   219 | D:1      | Reached XP level 2. HP: 5/19 MP: 1/5
  1340 | D:2      | Reached XP level 3. HP: 25/25 MP: 3/6
  1804 | D:2      | Reached skill level 1 in Fighting
  1865 | D:2      | Noticed Natasha
  1883 | D:2      | HP: 1/26 [Natasha (1)]
  1883 | D:2      | Slain by a cerulean imp

Illustrated notes

Levels and vault maps discovered:
D:1:      orjb1_lava_funnel, layout_basic, serial_bayou_lake_a
D:2:      layout_basic, uniq_natasha

Skill      XL: |  1  2  3 |
---------------+----------+-----
Stealth        | 2 |  2.0
Dodging        | 2 |  2.3
Fighting       | 1 |  1.0
Spellcasting   | |  2.5
Necromancy     | |  4.8

Action                     || total
---------------------------++-------
  Melee: Short sword       ||    23
         Rapier            ||     4
   Cast: Necrotise         ||    66
 Armour: Robe              ||    46
  Dodge: Dodged            ||    39
